EL
ERIE SEAWOLVES @ HARRISBURG SENATORS
06/16/2099
 
TOP OF THE 1ST
Erie SeaWolves batting - Pitching for Harrisburg Senators : RHP Miguel Macias
Pitching: RHP Miguel Macias
Batting: LHB Matt Henley 0-0: Swinging Strike
0-1: Foul Ball, location: 2F
0-2: Ball
1-2: Ball
2-2: Foul Ball, location: 2F
2-2: Ball
3-2: Strikes out swinging
Batting: RHB Jack Childs 0-0: Called Strike
0-1: Ball
1-1: Ball
2-1: Swinging Strike
2-2: Strikes out looking
Batting: LHB Jahiem Parker 0-0: Called Strike
0-1: Foul Ball, location: 2F
0-2: Foul Ball, location: 7LDF
0-2: Ball
1-2: Strikes out swinging
Top of the 1st over - 0 runs, 0 hits, 0 errors, 0 left on base; Erie 0 - Harrisburg 0
BOTTOM OF THE 1ST
Harrisburg Senators batting - Pitching for Erie SeaWolves : RHP Matt Welcher
Pitching: RHP Matt Welcher
Batting: LHB David Marquer 0-0: Called Strike
0-1: Fly out, F9 (Flyball, 9, EV 82.5 MPH)
Batting: RHB Paul Bailey 0-0: Called Strike
0-1: Foul Ball, location: 2F
0-2: Strikes out swinging
Batting: LHB Frank Creamer 0-0: Called Strike
0-1: Fly out, F4 (Line Drive, 4, EV 68.1 MPH)
Bottom of the 1st over - 0 runs, 0 hits, 0 errors, 0 left on base; Erie 0 - Harrisburg 0
TOP OF THE 2ND
Erie SeaWolves batting - Pitching for Harrisburg Senators : RHP Miguel Macias
Batting: RHB Ruben Garcia 0-0: Called Strike
0-1: Ball
1-1: Ball
2-1: Fly out, F3 (Popup, 3F, EV 82.5 MPH)
Batting: RHB Mark Burkett 0-0: Foul Ball, location: 2F
0-1: Ball
1-1: Ball
2-1: Foul Ball, location: 2F
2-2: Foul Ball, location: 25FF
2-2: Ball
3-2: Foul Ball, location: 2F
3-2: Ground out 6-3 (Groundball, 6, EV 109.4 MPH)
Batting: RHB Jason Ley 0-0: Ball
1-0: DOUBLE (Line Drive, 3D, EV 96.9 MPH)
Batting: RHB Joe McFadden 0-0: Swinging Strike
0-1: Ball
1-1: Foul Ball, location: 2F
1-2: Foul Ball, location: 2F
1-2: 2-RUN HOME RUN (Flyball, 7D, EV 96.3 MPH), Distance : 374 ft
Batting: RHB David Titsworth 0-0: SINGLE (Groundball, 34D, EV 93.8 MPH)
Batting: RHB Mike Nesseth 0-0: Called Strike
0-1: Swinging Strike
0-2: Strikes out swinging
Top of the 2nd over - 2 runs, 3 hits, 0 errors, 1 left on base; Erie 2 - Harrisburg 0
BOTTOM OF THE 2ND
Harrisburg Senators batting - Pitching for Erie SeaWolves : RHP Matt Welcher
Batting: SHB Zion Hamilton 0-0: Called Strike
0-1: Ball
1-1: Swinging Strike
1-2: Ground out 4-3 (Groundball, 4, EV 86.9 MPH)
Batting: RHB Clint Rosenberg 0-0: Fly out, F7 (Flyball, 7LS, EV 95.0 MPH)
Batting: RHB Ryan Wagner 0-0: Ball
1-0: Ball
2-0: Ground out 5-3 (Groundball, 56S, EV 87.5 MPH)
Bottom of the 2nd over - 0 runs, 0 hits, 0 errors, 0 left on base; Erie 2 - Harrisburg 0
TOP OF THE 3RD
Erie SeaWolves batting - Pitching for Harrisburg Senators : RHP Miguel Macias
Batting: LHB Matt Henley 0-0: Ball
1-0: Ball
2-0: Swinging Strike
2-1: Ball
3-1: Base on Balls
Batting: RHB Jack Childs 0-0: Called Strike
0-1: Swinging Strike
0-2: Foul Ball, location: 2F
0-2: Ball
Matt Henley steals 2nd base
1-2: Strikes out swinging
Batting: LHB Jahiem Parker 0-0: Ball
1-0: Ground out 3-1 (Groundball, 34, EV 103.1 MPH)
Matt Henley to third
Batting: RHB Ruben Garcia 0-0: Ball
1-0: Called Strike
1-1: Ball
2-1: Swinging Strike
2-2: Ball
3-2: Strikes out swinging
Top of the 3rd over - 0 runs, 0 hits, 0 errors, 1 left on base; Erie 2 - Harrisburg 0
BOTTOM OF THE 3RD
Harrisburg Senators batting - Pitching for Erie SeaWolves : RHP Matt Welcher
Batting: RHB Adam Johnson 0-0: Foul Ball, location: 9LMF
0-1: Called Strike
0-2: Strikes out looking
Batting: RHB Ryan Benesh 0-0: Called Strike
0-1: Ball
1-1: Ball
2-1: Ball
3-1: Ground out 6-3 (Groundball, 6, EV 86.3 MPH)
Batting: RHB Montes Calosso 0-0: Ball
1-0: Called Strike
1-1: Ball
2-1: Swinging Strike
2-2: Fly out, F6 (Popup, 4MD, EV 65.6 MPH)
Bottom of the 3rd over - 0 runs, 0 hits, 0 errors, 0 left on base; Erie 2 - Harrisburg 0
TOP OF THE 4TH
Erie SeaWolves batting - Pitching for Harrisburg Senators : RHP Miguel Macias
Batting: RHB Mark Burkett 0-0: Foul Ball, location: 9LDF
0-1: Swinging Strike
0-2: Strikes out swinging
Batting: RHB Jason Ley 0-0: Foul Ball, location: 5FF
0-1: Called Strike
0-2: Strikes out swinging
Batting: RHB Joe McFadden 0-0: Ball
1-0: Ball
2-0: Swinging Strike
2-1: Swinging Strike
2-2: Strikes out swinging
Top of the 4th over - 0 runs, 0 hits, 0 errors, 0 left on base; Erie 2 - Harrisburg 0
BOTTOM OF THE 4TH
Harrisburg Senators batting - Pitching for Erie SeaWolves : RHP Matt Welcher
Batting: LHB David Marquer 0-0: Called Strike
0-1: Ball
1-1: Ball
2-1: Swinging Strike
2-2: Strikes out swinging
Batting: RHB Paul Bailey 0-0: Called Strike
0-1: Ball
1-1: Fly out, F7 (Flyball, 7, EV 83.8 MPH)
Batting: LHB Frank Creamer 0-0: SINGLE (Groundball, 34D, EV 108.8 MPH)
Batting: SHB Zion Hamilton 0-0: DOUBLE (Line Drive, 8LXD, EV 101.9 MPH)
Frank Creamer to third
Batting: RHB Clint Rosenberg 0-0: Ball
1-0: Called Strike
1-1: Called Strike
1-2: Ball
2-2: Foul Ball, location: 2F
2-2: Foul Ball, location: 5DF
2-2: Strikes out swinging
Bottom of the 4th over - 0 runs, 2 hits, 0 errors, 2 left on base; Erie 2 - Harrisburg 0
TOP OF THE 5TH
Erie SeaWolves batting - Pitching for Harrisburg Senators : RHP Miguel Macias
Batting: RHB David Titsworth 0-0: Called Strike
0-1: Ball
1-1: Foul Ball, location: 9LMF
1-2: Fly out, F9 (Line Drive, 89M, EV 91.9 MPH)
Batting: RHB Mike Nesseth 0-0: Ball
1-0: Called Strike
1-1: Ball
2-1: Ball
3-1: Fly out, F3 (Popup, 34, EV 60.6 MPH)
Batting: LHB Matt Henley 0-0: Called Strike
0-1: Ball
1-1: Fly out, F7 (Flyball, 7, EV 84.4 MPH)
Top of the 5th over - 0 runs, 0 hits, 0 errors, 0 left on base; Erie 2 - Harrisburg 0
BOTTOM OF THE 5TH
Harrisburg Senators batting - Pitching for Erie SeaWolves : RHP Matt Welcher
Batting: RHB Ryan Wagner 0-0: Ball
1-0: SINGLE (Line Drive, 34D, EV 98.1 MPH)
Batting: RHB Adam Johnson 0-0: Ball
1-0: Called Strike
1-1: Called Strike
1-2: Ball
2-2: Fly out, F9 (Flyball, 9, EV 83.1 MPH)
Batting: RHB Ryan Benesh 0-0: Called Strike
0-1: Called Strike
0-2: Ball
1-2: Fly out, F7 (Flyball, 7D, EV 109.4 MPH)
Batting: RHB Montes Calosso 0-0: Swinging Strike
0-1: Fly out, F9 (Flyball, 9LS, EV 85.0 MPH)
Bottom of the 5th over - 0 runs, 1 hit, 0 errors, 1 left on base; Erie 2 - Harrisburg 0
TOP OF THE 6TH
Erie SeaWolves batting - Pitching for Harrisburg Senators : RHP Miguel Macias
Batting: RHB Jack Childs 0-0: Called Strike
0-1: Fly out, F7 (Line Drive, 7D, EV 110.6 MPH)
Batting: LHB Jahiem Parker 0-0: Called Strike
0-1: Foul Ball, location: 9LMF
0-2: Ball
1-2: Ball
2-2: Ball
3-2: Fly out, F7 (Line Drive, 7, EV 88.1 MPH)
Batting: RHB Ruben Garcia 0-0: Called Strike
0-1: Called Strike
0-2: Ball
1-2: Foul Ball, location: 3SF
1-2: Foul Ball, location: 5F
1-2: Strikes out looking
Top of the 6th over - 0 runs, 0 hits, 0 errors, 0 left on base; Erie 2 - Harrisburg 0
BOTTOM OF THE 6TH
Harrisburg Senators batting - Pitching for Erie SeaWolves : RHP Matt Welcher
Batting: LHB David Marquer 0-0: Called Strike
0-1: Ball
1-1: Ball
2-1: Ball
3-1: Fly out, F8 (Line Drive, 78D, EV 93.1 MPH)
Batting: RHB Paul Bailey 0-0: Called Strike
0-1: Ball
1-1: Ball
2-1: Foul Ball, location: 2F
2-2: Foul Ball, location: 23F
2-2: SINGLE (Line Drive, 34D, EV 100.6 MPH)
Batting: LHB Frank Creamer 0-0: Called Strike
0-1: Called Strike
0-2: Foul Ball, location: 25F
0-2: Foul Ball, location: 2F
0-2: SINGLE (Line Drive, 9S, EV 97.5 MPH)
Paul Bailey to second
Batting: SHB Zion Hamilton 0-0: Ball
1-0: Swinging Strike
1-1: SINGLE (Groundball, 34D, EV 103.8 MPH)
Paul Bailey to third
Frank Creamer to second
Runner from 3rd tries for Home, SAFE, throw by RF to home
Pitching: RHP Jose Munoz
Batting: RHB Clint Rosenberg 0-0: Called Strike
0-1: Called Strike
0-2: Ball
1-2: Strikes out looking
Batting: RHB Ryan Wagner 0-0: Ball
1-0: Ball
2-0: Called Strike
2-1: Fielders Choice at 2nd, 6-4 (Groundball, 6, EV 98.1 MPH)
Bottom of the 6th over - 1 run, 3 hits, 0 errors, 2 left on base; Erie 2 - Harrisburg 1
TOP OF THE 7TH
Erie SeaWolves batting - Pitching for Harrisburg Senators : RHP Miguel Macias
Batting: RHB Mark Burkett 0-0: DOUBLE (Groundball, 5L, EV 96.9 MPH)
Batting: RHB Jason Ley 0-0: Ball
1-0: Called Strike
1-1: Ball
2-1: SINGLE (Line Drive, 3D, EV 95.6 MPH)
Mark Burkett to third
Runner from 3rd tries for Home, SAFE, throw by RF to home
Batting: RHB Joe McFadden 0-0: Ball
1-0: Ball
2-0: Called Strike
2-1: Fly out, F3 (Popup, 3SF, EV 71.9 MPH)
Pitching: RHP Jacob DeLorme
Batting: RHB David Titsworth 0-0: Called Strike
0-1: Ball
1-1: Swinging Strike
1-2: Strikes out looking
Batting: RHB Mike Nesseth 0-0: Swinging Strike
0-1: Called Strike
0-2: Foul Ball, location: 3SF
0-2: Strikes out looking
Top of the 7th over - 1 run, 2 hits, 0 errors, 1 left on base; Erie 3 - Harrisburg 1
BOTTOM OF THE 7TH
Harrisburg Senators batting - Pitching for Erie SeaWolves : RHP Jose Munoz
Pitching: RHP Jim Melendez
Batting: RHB Adam Johnson 0-0: Foul Ball, location: 3SF
0-1: Called Strike
0-2: Ball
1-2: Strikes out swinging
Batting: RHB Ryan Benesh 0-0: Ball
1-0: SINGLE (Line Drive, 6MD, EV 94.4 MPH)
Pinch Hitting: LHB Edwin Flores 0-0: Fly out, F6 (Flyball, 56D, EV 93.8 MPH)
Batting: LHB David Marquer 0-0: Ball
1-0: Called Strike
1-1: Swinging Strike
1-2: Hit by Pitch
Ryan Benesh to second
Batting: RHB Paul Bailey 0-0: Ball
1-0: Ball
2-0: Ball
3-0: Called Strike
3-1: Foul Ball, location: 2F
3-2: Foul Ball, location: 7LDF
3-2: Foul Ball, location: 9LDF
3-2: Base on Balls
Ryan Benesh to third
David Marquer to second
Batting: LHB Frank Creamer 0-0: Ground out 1-3 (Groundball, 13S, EV 61.3 MPH)
Bottom of the 7th over - 0 runs, 1 hit, 0 errors, 3 left on base; Erie 3 - Harrisburg 1
TOP OF THE 8TH
Erie SeaWolves batting - Pitching for Harrisburg Senators : RHP Jacob DeLorme
Now at SS: Josh Elkins
Batting: LHB Matt Henley 0-0: Ball
1-0: Ball
2-0: Ball
3-0: Base on Balls
Batting: RHB Jack Childs 0-0: Ball
1-0: Swinging Strike
1-1: Fly out, F7 (Flyball, 7D, EV 80.0 MPH)
Batting: LHB Jahiem Parker 0-0: Called Strike
0-1: Foul Ball, location: 2F
0-2: Ball
1-2: Ball
2-2: Fly out, F7 (Line Drive, 7D, EV 92.5 MPH)
Batting: RHB Ruben Garcia 0-0: Called Strike
Matt Henley steals 2nd base
0-1: Called Strike
0-2: Ball
1-2: Foul Ball, location: 9LDF
1-2: SINGLE (Line Drive, 34D, EV 110.6 MPH)
Matt Henley to third
Runner from 3rd tries for Home, SAFE, throw by RF to home
Pitching: LHP Carlos Jimenez
Batting: RHB Mark Burkett 0-0: Ball
1-0: Ball
2-0: Ground out 5-3 (Groundball, 56S, EV 74.4 MPH)
Top of the 8th over - 1 run, 1 hit, 0 errors, 1 left on base; Erie 4 - Harrisburg 1
BOTTOM OF THE 8TH
Harrisburg Senators batting - Pitching for Erie SeaWolves : RHP Jim Melendez
Now at 1B: Ricardo Meza
Batting: SHB Zion Hamilton 0-0: Called Strike
0-1: Ground out 4-3 (Groundball, 34, EV 76.9 MPH)
Batting: RHB Clint Rosenberg 0-0: Ball
1-0: Called Strike
1-1: Ball
2-1: Fly out, F9 (Flyball, 9LSF, EV 86.3 MPH)
Batting: RHB Ryan Wagner 0-0: Called Strike
0-1: Foul Ball, location: 2F
0-2: Strikes out looking
Bottom of the 8th over - 0 runs, 0 hits, 0 errors, 0 left on base; Erie 4 - Harrisburg 1
TOP OF THE 9TH
Erie SeaWolves batting - Pitching for Harrisburg Senators : LHP Carlos Jimenez
Batting: RHB Jason Ley 0-0: Swinging Strike
0-1: Ball
1-1: Called Strike
1-2: Foul Ball, location: 2F
1-2: Ball
2-2: Strikes out swinging
Batting: RHB Joe McFadden 0-0: Called Strike
0-1: Foul Ball, location: 2F
0-2: Ball
1-2: Ball
2-2: Foul Ball, location: 9LDF
2-2: Strikes out swinging
Batting: RHB David Titsworth 0-0: Called Strike
0-1: Ball
1-1: Foul Ball, location: 2F
1-2: Strikes out swinging
Top of the 9th over - 0 runs, 0 hits, 0 errors, 0 left on base; Erie 4 - Harrisburg 1
BOTTOM OF THE 9TH
Harrisburg Senators batting - Pitching for Erie SeaWolves : RHP Jim Melendez
Batting: RHB Adam Johnson 0-0: Ball
1-0: Ball
2-0: Ball
3-0: Base on Balls
Batting: RHB Ryan Benesh 0-0: Ball
1-0: Foul Ball, location: 23FF
1-1: Hit by Pitch
Adam Johnson to second
Pinch Hitting: SHB Randy Marsh 0-0: Foul Ball, location: 23F
0-1: Ball
1-1: Called Strike
1-2: Strikes out swinging
Batting: LHB David Marquer 0-0: Ball
1-0: Fly out, F7 (Flyball, 7S, EV 83.1 MPH)
Pitching: RHP Jonathan Williams
Batting: RHB Paul Bailey 0-0: Fly out, F7 (Flyball, 7, EV 87.5 MPH)
Bottom of the 9th over - 0 runs, 0 hits, 0 errors, 2 left on base; Erie 4 - Harrisburg 1
Thursday, May 9th , 2024 - OOTP Baseball 24.11 Build 85